 Dungeon Crawl Stone Soup version 0.31-a0-1598-g94871bc2e8 (webtiles) character file.

Game seed: 11665393258666825202

1500 Inarius the Sneak (level 8, 0/54 HPs)
             Began as an Octopode Fighter on Jan 7, 2024.
             Was an Initiate of Nemelex Xobeh.
             Slain by a gnoll sergeant
             ... wielding a +0 spear
              (14 damage)
             ... on level 6 of the Dungeon.
             The game lasted 00:07:57 (4551 turns).

Inarius the Sneak (Octopode Fighter)                Turns: 4551, Time: 00:07:58

Health: 0/54       AC:  1    Str: 29    XL:     8   Next: 81%
Magic:  19/19      EV: 14    Int: 11    God:    Nemelex Xobeh [......]
Gold:   66         SH:  4    Dex: 11    Spells: 7/7 levels left

rFire   . . .        d - +12 hand axe of Lies {spect, MP+9}
rCold   . . .        b - +0 buckler
rNeg    . . .        (helmet restricted)
rPois   .            l - amulet of faith
rElec   .            k - +6 ring of strength
rCorr   .            s - ring of willpower
SInv    .            u - +6 ring of strength
Will    +....        (no ring)
Stlth   ++++         (no ring)
HPRegen 0.29/turn    (no ring)
MPRegen 0.16/turn    (no ring)
                     (no ring)

%: faith
@: no status effects
A: almost no armour, amphibious, 8 rings, camouflage 1, gelatinous body 1,
(nimble swimmer 1), tentacles
a: Renounce Religion, Draw Escape, Draw Destruction, Draw Summoning


You were on level 6 of the Dungeon.
You worshipped Nemelex Xobeh.
Nemelex Xobeh was noncommittal.
You visited 2 branches of the dungeon, and saw 7 of its levels.

You collected 231 gold pieces.
You spent 165 gold pieces at shops.

Inventory:

Hand Weapons
 a - a +0 war axe
 d - the +12 hand axe of Lies (weapon) {spect, MP+9}
   (You found it on level 2 of the Dungeon)

   MP+9:      It affects your magic capacity (+9).
 x - a +3 morningstar
Armour
 b - a +0 buckler (worn)
Jewellery
 k - a +6 ring of strength (left tentacle)
 l - an amulet of faith (around mantle)
 o - an amulet of magic regeneration
 s - a ring of willpower (right tentacle)
 u - a +6 ring of strength (on tentacle)
Wands
 q - a wand of mindburst (5)
 t - a wand of paralysis (8)
Scrolls
 f - 2 scrolls of brand weapon
 h - 3 scrolls of immolation
 i - 3 scrolls of revelation
 j - 3 scrolls of teleportation
 m - a scroll of amnesia {unknown}
 n - 4 scrolls of vulnerability
 r - a scroll of poison {unknown}
Potions
 c - a potion of might
 e - 3 potions of curing
 g - a potion of attraction
 p - a potion of berserk rage
 v - a potion of heal wounds
 w - 2 potions of mutation {unknown}


   Skills:
 + Level 4.6 Fighting
 + Level 6.5 Axes
 * Level 5.3 Dodging
 + Level 7.1 Stealth
 + Level 3.6 Shields
 * Level 2.9 Invocations
 + Level 1.7 Evocations


You had 7 spell levels left.
You didn't know any spells.
Your spell library contained the following spells:

 Spells                   Type           Power      Damage    Failure   Level
 Animate Dead             Necr           0%         N/A       99%         4
 Haunt                    Necr/Summ      0%         N/A       100%        7
 Infestation              Necr           0%         N/A       100%        8


Dungeon Overview and Level Annotations

Branches:
Dungeon (6/15)             Temple (1/1) D:5

Altars:
Cheibriados
Gozag
Hepliaklqana
Kikubaaqudgha
Makhleb
Nemelex Xobeh
Sif Muna
Trog
Uskayaw
Vehumet
Wu Jian
Yredelemnul
The Shining One

Shops:
D:2 ?   D:3 ?   D:5 !


Innate Abilities, Weirdness & Mutations

You cannot wear most types of armour.
You are amphibious.
You can wear up to eight rings at the same time.
Your skin changes colour to match your surroundings (Stealth+).
Your rubbery body absorbs attacks. (AC +1, EV +1)
((You are camouflaged when in or above water. (Stealth+)))
You have tentacles for arms and can constrict up to eight enemies at once.


Message History

Your +12 hand axe of Lies {spect, MP+9} hits the gnoll!
You kill the gnoll!
The gnoll shouts!
You hear a shout!
A gnoll sergeant comes into view. It is wielding a +0 spear.
Your +12 hand axe of Lies {spect, MP+9} disappears.
The gnoll hits you with a +0 whip.
The gnoll sergeant hits you from afar with a +0 spear.
You see here a +0 trident.
You closely miss the gnoll. Your grab misses the gnoll.
Your +12 hand axe of Lies {spect, MP+9} hits the gnoll!!
You kill the gnoll!
The gnoll sergeant hits you from afar with a +0 spear.
A gnoll comes into view. It is wielding a +0 halberd.
Your +12 hand axe of Lies {spect, MP+9} disappears.
The gnoll closely misses you.
The gnoll sergeant hits you with a +0 spear!
Things that are here:
a +0 whip; a gnoll corpse Unknown command.
You are too injured to fight recklessly!
Unknown command.
The gnoll sergeant barely misses you.
Aiming: Paralyse
Press: ? - help, Shift-Dir - straight line, f - gnoll sergeant
Aim: a gnoll sergeant, wielding a +0 spear, wearing a +0 ring mail and wearing a +0 buckler (chance to affect: 53%)
The gnoll sergeant resists with significant effort.
The gnoll sergeant hits you from afar with a +0 spear!
Aiming: Paralyse
Press: ? - help, Shift-Dir - straight line, f/p - gnoll sergeant
Aim: a gnoll sergeant, wielding a +0 spear, wearing a +0 ring mail and wearing a +0 buckler (chance to affect: 53%)
The gnoll sergeant resists with significant effort.
The gnoll sergeant hits you from afar with a +0 spear!
* * * LOW HITPOINT WARNING * * *
Aiming: Paralyse
Press: ? - help, Shift-Dir - straight line, f/p - gnoll sergeant
Aim: a gnoll sergeant, wielding a +0 spear, wearing a +0 ring mail and wearing a +0 buckler (chance to affect: 53%)
The gnoll sergeant resists with significant effort.
The gnoll sergeant hits you from afar with a +0 spear!
You die...
Your body disappears without a glow.

...###### #.# )####
#.# ....# #.#
.##.####### #.#
.#........# #.#
....#####.#####.#####
###.# #..)))>.....#
###.# ########.##>#
....# #@##.# #####
#.##.#######
###g##........
#.)g..#######)
#.#.#.# #g#.#.#
#.#.#.# #.#...)
#.###.#


You could see a gnoll sergeant and a gnoll.

Vanquished Creatures
  Sigmund (D:5)
  Duvessa (D:6)
  An ogre (D:4)
  5 scorpions
  4 wights (D:6)
  Dowan (D:6)
  A howler monkey (D:4)
  4 orc priests (D:6)
  2 bombardier beetles
  Terence (D:2)
  An orc wizard (D:5)
  Natasha (twice) (D:4)
  3 iguanas
  A sleepcap (D:4)
  2 gnolls (D:6)
  8 adders
  A white imp (D:6)
  2 ribbon worms (D:2)
  3 dart slugs
  7 orcs
  5 ball pythons
  15 bats
  10 endoplasms
  7 giant cockroaches
  9 goblins
  7 hobgoblins
  7 kobolds
  A quokka (D:1)
  3 frilled lizards
  3 rats
118 creatures vanquished.

Notes
Turn   | Place    | Note
-------+----------+-------------------------------------------
     0 | D:1      | Inarius the Octopode Fighter began the quest for the Orb.
     0 | D:1      | Reached XP level 1. HP: 16/16 MP: 1/1
   106 | D:1      | Reached XP level 2. HP: 21/21 MP: 2/2
   413 | D:1      | Found a faded altar of an unknown god.
   573 | D:2      | Found Heson's Magic Scroll Shoppe.
   645 | D:2      | Reached XP level 3. HP: 26/26 MP: 3/3
   905 | D:2      | Reached skill level 1 in Stealth
   970 | D:2      | Bought a scroll of identify for 28 gold pieces
   997 | D:2      | Reached XP level 4. HP: 25/31 MP: 4/4
  1202 | D:2      | Identified the +12 hand axe of Lies {spect, MP+9}
  1386 | D:2      | Noticed Terence
  1395 | D:2      | Killed Terence
  1396 | D:2      | Reached skill level 2 in Stealth
  1647 | D:3      | Found Duiruwn's Magic Scroll Shoppe.
  1657 | D:3      | Bought a scroll of identify for 24 gold pieces
  1657 | D:3      | Bought a scroll of identify for 24 gold pieces
  1657 | D:3      | Bought a scroll of identify for 24 gold pieces
  1715 | D:3      | Found an opulent altar of Gozag.
  1778 | D:3      | Reached XP level 5. HP: 34/36 MP: 5/5
  2340 | D:4      | Noticed Natasha
  2344 | D:4      | Killed Natasha
  2451 | D:4      | Reached XP level 6. HP: 42/43 MP: 6/6
  3200 | D:4      | Noticed Natasha
  3214 | D:4      | Killed Natasha
  3248 | D:4      | Reached skill level 3 in Stealth
  3311 | D:4      | Reached XP level 7. HP: 48/48 MP: 7/7
  3339 | D:4      | Reached skill level 5 in Axes
  3342 | D:4      | Reached skill level 4 in Stealth
  3613 | D:5      | Entered Level 5 of the Dungeon
  3618 | D:5      | Found a staircase to the Ecumenical Temple.
  3640 | Temple   | Entered the Ecumenical Temple
  3645 | Temple   | Became a worshipper of Nemelex Xobeh the Trickster
  3696 | D:5      | Reached skill level 5 in Stealth
  3865 | D:5      | Found Goadixah's Distillery.
  3871 | D:5      | Bought a potion of heal wounds for 65 gold pieces
  3949 | D:5      | Noticed Sigmund
  3952 | D:5      | Killed Sigmund
  3953 | D:5      | Reached XP level 8. HP: 54/54 MP: 9/9
  4250 | D:6      | Reached skill level 6 in Stealth
  4352 | D:6      | Reached skill level 1 in Evocations
  4371 | D:6      | Reached skill level 5 in Dodging
  4442 | D:6      | Noticed Duvessa
  4448 | D:6      | Killed Duvessa
  4449 | D:6      | Reached skill level 7 in Stealth
  4449 | D:6      | Noticed Dowan
  4453 | D:6      | Killed Dowan
  4551 | D:6      | Slain by a gnoll sergeant

Illustrated notes

Levels and vault maps discovered:
D:1:      dpeg_arrival_ternary, layout_basic, hellmonk_ecumenical_altar_blasted
D:2:      layout_basic, serial_shops, shop_statue, kennysheep_generic_room_6,
          uniq_terence
D:3:      layout_basic, mainiacjoe_overflow_surrounded_room, serial_shops,
          nicolae_shop_tiny_statue_garden
D:4:      old_forge, layout_layer_cave, uniq_natasha
D:5:      layout_loops_cross, minmay_temple_entry_mist, serial_shops, shop,
          uniq_sigmund
D:6:      layout_loops_cross, grunt_dithmenos_shadows,
          ebering_ghost_inner_flame, serial_bayou_pond_a, uniq_menkaure,
          uniq_duvessa
Temple:   hellmonk_temple_two_chambers

Skill      XL: |  1  2  3  4  5  6  7  8 |
---------------+-------------------------+-----
Stealth        | 1 2 3 5 7 |  7.1
Axes           | 3 4 5 6 |  6.5
Dodging        | 4 5 |  5.3
Fighting       | 4 |  4.6
Invocations    | 2 |  2.9
Evocations     | 1 |  1.7
Shields        | |  3.6

Action                     |  1- 3 |  4- 6 |  7- 9 || total
---------------------------+-------+-------+-------++-------
  Melee: War axe           |    60 |     2 |       ||    62
         Constrict         |    19 |    18 |    14 ||    51
         Tentacles         |     9 |     8 |     9 ||    26
         Punch             |     3 |     1 |     2 ||     6
         Hand axe          |       |    57 |    54 ||   111
  Evoke: Wand              |       |       |    11 ||    11
    Use: Scroll            |     2 |     3 |     3 ||     8
   Stab: Sleeping          |     6 |     8 |     2 ||    16
         Distracted        |       |     2 |       ||     2
         Paralysed         |       |       |     1 ||     1
 Armour: Skin              |    21 |    20 |    22 ||    63
  Dodge: Dodged            |    29 |    20 |    31 ||    80
  Block: Buckler           |     9 |     5 |     4 ||    18

Table legend: (Time is in decaauts)
 A = Elapsed time spent in this place.
 B = Non-inter-level travel time spent in this place.
 C = Inter-level travel time spent in this place.
 D = Time resting spent in this place.
 E = Time spent auto-exploring this place.
 F = Levels seen in this place.
 G = Mean time per level.
                   A        B        C        D        E       F      G
               +--------+--------+--------+--------+--------+-----+--------+
         Total |   4594 |   4489 |    105 |    233 |   3357 |   7 |  656.3 |
       Dungeon |   4584 |   4479 |    105 |    233 |   3357 |   6 |  764.0 |
        Temple |      9 |      9 |      0 |      0 |      0 |   1 |    9.0 |
               +--------+--------+--------+--------+--------+-----+--------+

Top non-repeatable levels by time:
     D:4: 1376 daAuts
     D:2: 1032 daAuts
     D:3: 679 daAuts
     D:5: 656 daAuts
     D:1: 566 daAuts
     D:6: 272 daAuts
  Temple: 9 daAuts
